 Dungeon Crawl Stone Soup version 0.29.1-12-g30fa7ad0bf (webtiles) character file.

Game seed: 6672725292446297996

5700 FexLirch the Zephyrmancer (level 10, -19/52 HPs)
             Began as a Tengu Air Elementalist on Dec 15, 2022.
             Was an Initiate of Ashenzari.
             Demolished by a two-headed ogre
             ... wielding a +0 giant club
              (24 damage)
             ... on level 9 of the Dungeon.
             The game lasted 00:50:36 (11939 turns).

FexLirch the Zephyrmancer (Tengu Air Elementalist) Turns: 11939, Time: 00:50:37

Health: -19/52     AC: 13    Str: 18    XL:     10   Next: 76%
Magic:  15/18      EV: 10    Int: 19    God:    Ashenzari [......]
Gold:   340        SH:  5    Dex: 20    Spells: 9/19 levels left

rFire   . . .      SeeInvis .   K - +11 whip of the Undead {chaos, *Noise Fragile Str+10 Dex+4}
rCold   + . .      Faith    .   z - orb {light}
rNeg    . . .      Spirit   .   J - +2 chain mail {rPois}
rPois   +          Reflect  +   (helmet restricted)
rElec   .          Harm     .   n - +0 cloak
rCorr   .          Rampage  .   (no gloves)
Will    +....                   (boots unavailable)
Stlth   ..........              y - amulet of reflection
HPRegen 0.17/turn               B - ring of protection from cold
MPRegen 0.16/turn               g - ring of willpower

@: about to teleport, flying quickly and evasively, glowing, quick
A: beak, talons 3, nimble flight
a: Renounce Religion, Curse Item


You were on level 9 of the Dungeon.
You worshipped Ashenzari.
Ashenzari was noncommittal.
You visited 2 branches of the dungeon, and saw 10 of its levels.
You also visited: Sewer and Bailey.

You collected 653 gold pieces.
You spent 313 gold pieces at shops.

Inventory:

Hand Weapons
 u - the +0 scimitar of Ynua {venom, Fragile rF+ rN+ Will+}
   (You bought it in a shop on level 4 of the Dungeon)

   It poisons the flesh of those it strikes.
   rF:        It protects you from fire.
   rN:        It protects you from negative energy.
   Fragile:   It will be destroyed if unequipped.
   Will:      It increases your willpower.
 K - the +11 whip of the Undead (weapon) {chaos, *Noise Fragile Str+10 Dex+4}
   (You bought it in a shop on level 4 of the Dungeon)

   Each time it hits an enemy it has a different, random effect.
   Str:       It affects your strength (+10).
   Dex:       It affects your dexterity (+4).
   *Noise:    It may make noises in combat.
   Fragile:   It will be destroyed if unequipped.
Missiles
 I - 5 throwing nets
Armour
 n - a +0 cloak (worn)
 r - a +0 crystal plate armour
 z - an orb of light (worn)
 J - a +2 chain mail of poison resistance (worn)
 M - a +2 robe of fire resistance
 R - a +2 scale mail of fire resistance
Magical Staves
 N - a staff of air
 S - a staff of fire
Jewellery
 g - a ring of willpower (right hand)
 l - a ring of protection from cold
 p - a ring of resist corrosion
 y - an amulet of reflection (around neck)
 B - a ring of protection from cold (left hand)
 O - a ring of fire
Wands
 x - a wand of iceblast (26)
 Q - a wand of charming (12)
Scrolls
 a - 3 scrolls of enchant armour {unknown}
 c - 2 scrolls of fear {unknown}
 i - a scroll of silence {unknown}
 j - 4 scrolls of teleportation
 q - 2 scrolls of blinking
 s - 2 scrolls of magic mapping {unknown}
 t - 5 scrolls of poison {unknown}
 C - a scroll of brand weapon {unknown}
 D - 2 scrolls of enchant weapon {unknown}
 H - a scroll of butterflies {unknown}
 P - a scroll of amnesia {unknown}
 T - a scroll of torment {unknown}
Potions
 b - a potion of magic
 d - a potion of flight {unknown}
 e - a potion of attraction {unknown}
 f - a potion of resistance {unknown}
 h - a potion of berserk rage {unknown}
 k - a potion of might
 m - 2 potions of invisibility {unknown}
 o - 5 potions of brilliance {unknown}
 v - 2 potions of lignification {unknown}
 w - 2 potions of curing
 A - a potion of degeneration {unknown}
 E - 3 potions of heal wounds {unknown}
 F - 2 potions of haste
 G - a potion of mutation {unknown}
 L - 2 potions of cancellation {unknown}


   Skills:
 + Level 1.1 Fighting
 * Level 5.9 Armour
 - Level 2.1 Dodging
 - Level 2.0 Stealth
 + Level 5.2 Spellcasting
 * Level 12.1 Conjurations
 * Level 13.4 Air Magic


You had 9 spell levels left.
You knew the following spells:

 Your Spells              Type           Power      Damage    Failure   Level
a - Shock                 Conj/Air       100%       1d9       1%          1
b - Static Discharge      Conj/Air       52%        3-10/arc  1%          2
c - Swiftness             Air            54%        N/A       1%          3
d - Airstrike             Air            27%        2d(4-20)  5%          4

Your spell library contained the following spells:

 Spells                   Type           Power      Damage    Failure   Level
 Blink                    Tloc           8%         N/A       90%         2
 Gell's Gravitas          Tloc           4%         N/A       99%         3
 Lesser Beckoning         Tloc           4%         N/A       99%         3
 Teleport Other           Tloc           4%         N/A       99%         3
 Manifold Assault         Tloc           4%         N/A       100%        5


Dungeon Overview and Level Annotations

Branches:
Dungeon (9/15)             Temple (1/1) D:4            Lair (0/5) D:8
  Sewer (visited)          Bailey (visited)
    Orc: D:9-12

Altars:
Ashenzari
Cheibriados
Dithmenos
Elyvilon
Fedhas
Gozag
Hepliaklqana
Kikubaaqudgha
Makhleb
Nemelex Xobeh
Okawaru
Qazlal
Ru
Sif Muna
Trog
Uskayaw
Vehumet
Wu Jian
Xom
Yredelemnul
Zin
The Shining One

Shops:
D:1 =   D:4 ((

Annotations:
D:3 exclusion: downstairs
D:7 1 runed translucent door, deadpool521's ghost, novice HOFi


Innate Abilities, Weirdness & Mutations

You have a beak for a mouth.
You have claws for feet.
Your magical nature lets you fly swiftly and evasively.


Message History

Unknown command.
The centaur shoots an arrow.
The arrow hits you.
The centaur shoots an arrow.
The arrow hits you.
The centaur shoots an arrow.
The arrow barely misses you.
The centaur unwields a +0 shortbow.
The centaur barely misses you.
The centaur kicks you but does no damage.
The centaur attacks as you move away! The centaur hits you.
The centaur kicks you but does no damage.
The centaur wields a +0 shortbow.
The centaur shoots an arrow.
The arrow barely misses you.
The centaur shoots an arrow.
You reflect the arrow off an invisible shield around you!
The arrow closely misses the centaur.
The centaur shoots an arrow.
The arrow hits you.
The centaur shoots an arrow.
You reflect the arrow off an invisible shield around you!
The arrow barely misses the centaur.
Casting: Airstrike (dangerous; 5% risk of failure)
Confirm with . or Enter, or press ? or * to list all spells.
Aiming: Shock (safe; 1% risk of failure)
Press: ? - help, Shift-Dir - straight line, f/p - centaur
Aim: a centaur, wielding a +0 shortbow (almost dead, haloed, 89% to hit)
The zap hits the two-headed ogre.
The two-headed ogre is lightly wounded.
The zap hits the centaur!
You kill the centaur!
Unknown command.
A wyvern comes into view.
As you read the scroll of teleportation, it crumbles to dust.
You feel strangely unstable. You block the wyvern's attack.
Casting: Shock (safe; 1% risk of failure)
Confirm with . or Enter, or press ? or * to list all spells.
Okay, then.
Unknown command.
Unknown command.
You feel better. The wyvern barely misses you.
The two-headed ogre hits you with a +0 giant club!!
* * * LOW HITPOINT WARNING * * *
The two-headed ogre hits you with a +0 giant club!!
You die...

### #.# ## #.. .# #.# .# #.#
.########################.#
..........................#
########################..#####
#....l@O....##..#...
##.########.##..#.#####
#.##...)..... ### .
#.##....##### ... ..
#.##..<.....# ##
...####.##......#..
......#)##......... .#
#.............### ..
#...#...#.....#~#


You could see a two-headed ogre and a wyvern.

Vanquished Creatures
  A deep elf zephyrmancer (Bailey)
  An orc knight (Bailey)
  Sigmund (D:2)
  A shadow (D:7)
  Menkaure (D:7)
  2 steam dragons (D:8)
  2 water moccasins (D:6)
  Pargi (Sewer)
  7 orc warriors
  3 ice beasts
  A black bear (D:7)
  2 ogres (D:7)
  4 centaurs (D:9)
  3 bullfrogs
  A gnoll sergeant (D:7)
  6 scorpions
  9 wights
  A howler monkey (D:5)
  A jelly (D:6)
  5 orc priests
  9 hounds
  2 gnoll boudas
  Jessica (D:2)
  2 iguanas
  9 orc wizards
  The ghost of GammingN the Trooper, a weakling DrBe of Trog (D:3)
  8 gnolls
  11 adders
  A hound simulacrum (D:3)
  A shadow imp (D:7)
  7 white imps
  An ufetubus (D:7)
  5 worms
  2 dart slugs
  3 adder simulacra (D:3)
  49 orcs
  4 bats
  6 endoplasms
  5 giant cockroaches
  7 goblins
  7 hobgoblins
  3 jackals (D:1)
  3 kobolds (D:3)
  10 quokkas
  9 ball pythons
  A ball python simulacrum (D:3)
  6 frilled lizards
  4 rats
230 creatures vanquished.

Vanquished Creatures (others)
  3 demonic plants (D:7)
  A fungus (D:8)
  2 withered plants (D:7)
6 creatures vanquished.

Grand Total: 236 creatures vanquished

Notes
Turn   | Place    | Note
-------+----------+-------------------------------------------
     0 | D:1      | FexLirch the Tengu Air Elementalist began the quest for the
                  | Orb.
     0 | D:1      | Reached XP level 1. HP: 10/10 MP: 4/4
   195 | D:1      | Reached XP level 2. HP: 13/15 MP: 6/6
   579 | D:1      | Found a faded altar of an unknown god.
   743 | D:1      | Learned a level 2 spell: Static Discharge
   760 | D:1      | Reached XP level 3. HP: 18/19 MP: 4/7
  1145 | D:1      | Found Tolupep's Jewellery Boutique.
  1339 | D:2      | Reached skill level 5 in Air Magic
  1714 | D:2      | Noticed Sigmund
  1855 | D:2      | Reached XP level 4. HP: 11/24 MP: 0/8
  2280 | D:2      | Found a shimmering altar of Xom.
  2532 | D:3      | Noticed a scorpion
  2543 | D:3      | Found a blossoming altar of Fedhas.
  2812 | D:4      | Noticed a scorpion
  2854 | D:3      | Gained mutation: Your magical nature lets you fly swiftly
                  | and evasively. [Tengu growth]
  2854 | D:3      | Reached XP level 5. HP: 28/28 MP: 4/9
  2857 | D:3      | Reached skill level 6 in Air Magic
  2861 | D:3      | Learned a level 3 spell: Swiftness
  2958 | D:3      | Found a runed translucent gate.
  2958 | D:3      | Found a runed translucent gate.
  2958 | D:3      | Found a runed translucent gate.
  3034 | D:3      | Noticed GammingN's ghost (weakling DrBe)
  3145 | D:3      | Found an ancient bone altar of Kikubaaqudgha.
  3439 | D:4      | Found Efusynez's Antique Weapon Emporium.
  3460 | D:4      | Bought a translucent scimitar for 171 gold pieces
  3460 | D:4      | Identified the +0 scimitar of Ynua {venom, Fragile rF+ rN+
                  | Will+} (You bought it in a shop on level 4 of the Dungeon)
  3802 | D:4      | Found a snail-covered altar of Cheibriados.
  3811 | D:4      | Reached skill level 5 in Conjurations
  3813 | D:4      | Reached XP level 6. HP: 30/32 MP: 2/10
  3872 | D:5      | Entered Level 5 of the Dungeon
  3881 | D:5      | Reached skill level 7 in Air Magic
  3998 | D:4      | Found Yplaleg's Weapon Boutique.
  4111 | D:6      | Reached XP level 7. HP: 21/36 MP: 4/11
  4198 | D:5      | Reached skill level 8 in Air Magic
  4264 | D:6      | Learned a level 4 spell: Airstrike
  4529 | D:6      | Found a glowing drain.
  4598 | Sewer    | Entered a sewer
  4784 | Sewer    | Noticed Pargi
  4811 | Sewer    | Killed Pargi
  4812 | Sewer    | Reached skill level 9 in Air Magic
  4973 | D:6      | Reached XP level 8. HP: 27/41 MP: 3/12
  5373 | D:7      | Found a runed translucent door.
  5374 | D:7      | Noticed deadpool521's ghost (novice HOFi)
  5380 | D:7      | Noticed Menkaure
  5385 | D:7      | Killed Menkaure
  5386 | D:7      | Reached skill level 10 in Air Magic
  6363 | D:5      | Reached skill level 11 in Air Magic
  6363 | D:5      | Reached XP level 9. HP: 39/45 MP: 5/15
  6816 | D:5      | Found a white marble altar of Elyvilon.
  6816 | D:5      | Found a hazy altar of Hepliaklqana.
  7246 | D:4      | Bought a masterwork whip for 142 gold pieces
  7246 | D:4      | Identified the +11 whip of the Undead {chaos, *Noise
                  | Fragile Str+10 Dex+4} (You bought it in a shop on level 4
                  | of the Dungeon)
  7397 | D:4      | Found a staircase to the Ecumenical Temple.
  7404 | Temple   | Entered the Ecumenical Temple
  7652 | D:2      | Killed Sigmund
  7653 | D:2      | Reached skill level 1 in Armour
  7653 | D:2      | Reached skill level 10 in Conjurations
  7821 | D:2      | Noticed Jessica
  7826 | D:2      | Killed Jessica
  7968 | D:3      | Killed GammingN's ghost
  8327 | D:7      | Reached skill level 12 in Air Magic
  9542 | D:7      | Found a broken altar of Ashenzari.
  9554 | D:7      | Became a worshipper of Ashenzari the Shackled
  9571 | D:7      | Reached XP level 10. HP: 45/50 MP: 14/17
  9753 | D:8      | Found a flagged portal.
  9755 | D:8      | Identified the +6 halberd of the Freezing Augurer {vorpal,
                  | Stlth+}
  9759 | Bailey   | Entered a bailey
  9850 | Bailey   | Noticed an orc knight
 10282 | Bailey   | Killed an orc knight
 10426 | Bailey   | Found a large runed translucent door.
 10426 | Bailey   | Found a large runed translucent door.
 10427 | Bailey   | Noticed a deep elf zephyrmancer
 10462 | Bailey   | Killed a deep elf zephyrmancer
 10463 | Bailey   | Reached skill level 5 in Armour
 10463 | Bailey   | Reached skill level 5 in Spellcasting
 10463 | Bailey   | Reached skill level 13 in Air Magic
 10592 | D:8      | Found a staircase to the Lair.
 11812 | D:9      | Reached skill level 1 in Fighting
 11828 | D:9      | Noticed a two-headed ogre
 11939 | D:9      | Demolished by a two-headed ogre

Illustrated notes

Levels and vault maps discovered:
D:1:      amcnicky_arrival_double_pillar, layout_loops_corners, serial_shops,
          shop, hellmonk_ecumenical_altar_dog_temple, st_stairs_7,
          chequers_serial_rivers_room_a
D:2:      layout_loops_ring, basic_altar, nrook_uturn, uniq_jessica,
          uniq_sigmund
D:3:      layout_loops_ring, mainiacjoe_overflow_alcove_2,
          mainiacjoe_overflow_chevrons, gammafunk_ghost_icy,
          minmay_three_crescents
D:4:      layout_rooms, nicolae_overflow_crystal_walls, temple_green,
          serial_shops, nicolae_shop_bloodbath_and_beyond,
          nicolae_stop_n_shop_1, kennysheep_generic_room_3
D:5:      layout_basic, gammafunk_temple_overflow_pools
D:6:      layout_gridville, portal_sewer_entry_f
D:7:      wad_river_or_something, layout_loops_corners, general_overflow_altar,
          gammafunk_ghost_grave, serial_demonic, serial_demonic_f,
          serial_demonic_b, serial_demonic_f, serial_demonic_d, grunt_ogre_cave,
          uniq_menkaure
D:8:      layout_basic, dpeg_oklobed_lair, enter_bailey_2
D:9:      minmay_the_grid_octo_tiled_octocenter [minmay_the_grid_octo_odd_swirl,
          minmay_the_grid_octo_chip, minmay_the_grid_octo_concentric,
          minmay_the_grid_octo_checkerflower,
          minmay_the_grid_octo_prize_ultimate_mussel_roller,
          minmay_the_grid_square_5x5_shuriken,
          minmay_the_grid_square_5x5_eight_small,
          minmay_the_grid_square_5x5_meh, minmay_the_grid_square_5x5_slash],
          layout_basic, minivault_4, nicolae_shop_unique_rings
Temple:   compressed_dpeg_triangle_lava_temple

Skill      XL: |  1  2  3  4  5  6  7  8  9 10 |
---------------+-------------------------------+-----
Conjurations   | 2 3 4 5 6 8 9 10 12 | 12.1
Air Magic      | 5 6 7 9 11 12 13 | 13.4
Spellcasting   | 3 4 5 |  5.2
Armour         | 3 5 |  5.9
Fighting       | 1 |  1.1
Dodging        | |  2.1
Stealth        | |  2.0

Action                   |  1- 3 |  4- 6 |  7- 9 | 10-12 || total
-------------------------+-------+-------+-------+-------++-------
Melee: Unarmed           |     7 |       |       |       ||     7
       Kick              |    11 |    11 |    15 |     5 ||    42
       Short sword       |    33 |     6 |       |       ||    39
       Peck              |     5 |     7 |    14 |     3 ||    29
       Dagger            |       |    46 |    18 |       ||    64
       Punch             |       |     1 |       |       ||     1
       Long sword        |       |       |    12 |       ||    12
       Whip              |       |       |    28 |    11 ||    39
 Cast: Shock             |    25 |    42 |    98 |   103 ||   268
       Static Discharge  |     5 |    13 |    59 |    14 ||    91
       Airstrike         |       |       |     4 |    11 ||    15
       Swiftness         |       |       |     1 |       ||     1
  Use: Scroll            |       |     2 |     3 |     1 ||     6
       Potion            |       |       |       |     1 ||     1
 Stab: Sleeping          |     8 |     5 |     2 |       ||    15
Armor: Robe              |     4 |     6 |     1 |       ||    11
       Leather armour    |       |     7 |     8 |       ||    15
       Chain mail        |       |       |       |    20 ||    20
Dodge: Dodged            |    21 |    38 |    69 |    19 ||   147
Block: Other             |       |     1 |     2 |       ||     3
       Orb               |       |       |    11 |    13 ||    24
       Reflection        |       |       |       |     4 ||     4
